 Dungeon Crawl Stone Soup version 0.31-a0-986-g5e6e4ef867 (webtiles) character file.

Game seed: 10226426529681920996

1915 croobank the Trooper (level 8, -2/69 (74) HPs)
             Began as a Minotaur Fighter on Nov 20, 2023.
             Slain by a wight
             ... wielding a +3 battleaxe of freezing
              (8 damage)
             ... on level 6 of the Dungeon.
             The game lasted 00:10:00 (4593 turns).

croobank the Trooper (Minotaur Fighter)             Turns: 4593, Time: 00:10:01

HP:   -2/69 (74)    AC: 12    Str: 23    XL:     8   Next: 95%
MP:   7/7           EV: 10    Int:  5    God:
Gold: 324           SH:  5    Dex: 10    Spells: 7/7 levels left

rFire   . . .        a - +0 war axe
rCold   . . .        c - +0 buckler
rNeg    . . .        j - +3 ring mail
rPois   .            (helmet restricted)
rElec   .            (no cloak)
rCorr   .            w - +0 pair of gloves
SInv    .            E - +0 pair of boots
Will    .....        (no amulet) Stlth
                     (no ring)
HPRegen 0.31/turn    (no ring)
MPRegen 0.10/turn

%: no passive effects
@: mighty, drained
A: horns 2, retaliatory headbutt
a: no special abilities


You were on level 6 of the Dungeon.
You visited 1 branch of the dungeon, and saw 6 of its levels.

You collected 324 gold pieces.

Inventory:

Hand Weapons
 a - a +0 war axe (weapon)
 i - a +1 heavy long sword
 r - a +0 short sword of electrocution
 D - the +7 dagger of Jotsoil {elec, Drain rC+ Str+2}
   (You found it on level 3 of the Dungeon)

   Str+2:     It affects your strength (+2).
   rC+:       It protects you from cold.
   Drain:     It drains your maximum health when unequipped.
 F - a +0 trident
 I - a +3 scythe
Missiles
 m - 6 poisoned darts
 u - 2 curare-tipped darts (quivered)
 H - 3 boomerangs
Armour
 b - a +0 scale mail
 c - a +0 buckler (worn)
 j - a +3 ring mail (worn)
 w - a +0 pair of gloves (worn)
 E - a +0 pair of boots (worn)
Jewellery
 y - a ring of ice
 z - a ring of ice
Talismans
 C - a maw talisman
Wands
 K - a wand of quicksilver (10)
 L - a wand of flame (6)
Scrolls
 e - 6 scrolls of teleportation {unknown}
 f - 4 scrolls of identify {unknown}
 n - 2 scrolls of enchant armour {unknown}
 o - 2 scrolls of fog {unknown}
 s - 2 scrolls of poison {unknown}
 t - a scroll of brand weapon {unknown}
 v - a scroll of fear {unknown}
 x - a scroll of summoning {unknown}
 B - 2 scrolls of vulnerability {unknown}
 G - a scroll of immolation {unknown}
Potions
 d - a potion of might
 g - 2 potions of enlightenment {unknown}
 h - 2 potions of brilliance {unknown}
 k - 2 potions of curing {unknown}
 l - a potion of heal wounds {unknown}
 p - 4 potions of mutation {unknown}
 q - a potion of berserk rage {unknown}
 A - a potion of attraction {unknown}
 J - a potion of lignification {unknown}
 M - 2 potions of degeneration {unknown}


   Skills:
 + Level 7.9 Fighting
 + Level 7.3 Axes
 + Level 7.8 Armour
 + Level 7.8 Shields


You had 7 spell levels left.
You didn't know any spells.
Your spell library contained the following spells:

 Spells                   Type           Power      Damage    Failure   Level
 Hailstorm                Conj/Ice       0%         3d3       95%         3
 Inner Flame              Hex/Fire       0%         N/A       95%         3
 Ozocubu's Armour         Ice            0%         N/A       95%         3
 Brom's Barrelling Bould  Conj/Erth      0%         2d3       100%        4
 Flame Wave               Conj/Fire      0%         2d4       100%        4
 Sticky Flame             Conj/Fire      0%         2d3       100%        4
 Summon Ice Beast         Ice/Summ       0%         N/A       100%        4
 Fireball                 Conj/Fire      0%         3d3       100%        5
 Iskenderun's Battlesphe  Conj           0%         2d6       100%        5
 Conjure Ball Lightning   Conj/Air       0%         3x3d6     100%        6
 Simulacrum               Ice/Necr       0%         N/A       100%        6
 Orb of Destruction       Conj           0%         9d5       100%        7
 Ozocubu's Refrigeration  Ice            0%         4d7       100%        7


Dungeon Overview and Level Annotations

Branches:
Dungeon (6/15)             Temple (0/1) D:6

Altars:
Ru


Innate Abilities, Weirdness & Mutations

You have a pair of horns on your head.
You reflexively headbutt those who attack you in melee.


Message History

The wight hits you with a +0 mace.
You feel drained.
You slash something!
Reactivating autopickup.
You feel a bit more experienced.
You slash the wight!
You destroy the wight!
The orc hits you from afar with a +0 trident.
A wight comes into view.
It is wielding a +3 battleaxe of freezing.
Your life force feels restored.
You closely miss the wight. You headbutt the wight.
The wight is lightly damaged.
The orc hits you from afar with a +0 trident.
The wight hits you with a +0 battleaxe!
You feel drained.
You closely miss the wight.
The wight is lightly damaged.
The orc misses you. The wight barely misses you. You furiously retaliate!
You headbutt the wight. You hit the wight.
The wight is heavily damaged.
The orc closely misses you. The wight hits you with a +0 battleaxe.
You feel drained.
You hit the wight but do no damage.
The wight is heavily damaged.
The orc hits you from afar with a +0 trident.
* * * LOW HITPOINT WARNING * * *
The wight hits you but does no damage.
You closely miss the wight. You slash the wight!
The orc hits you but does no damage.
The wight hits you with a +3 battleaxe of freezing!
* * * LOW HITPOINT WARNING * * *
The wight freezes you.
* * * LOW HITPOINT WARNING * * *
The wight hits you with a +0 battleaxe.
* * * LOW HITPOINT WARNING * * *
You feel drained.
* * * LOW HITPOINT WARNING * * *
The orc hits you but does no damage. You block the wight's attack. x2
Okay, then.
You feel very mighty all of a sudden.
The wight hits you with a +3 battleaxe of freezing!
You die...

....# .... ....##
....... .....# .......#
.....# ......# .....#
#....# .o...#
..####....##z....#
..#........@z/...#
...........)##...#
##...............## $#
..................#
........##.....##..#
........ #.....# #.#
........ #.....###...
.......###............
.......).......######.#


You could see 2 wights and an orc.

Vanquished Creatures
  Sigmund (D:4)
  Eustachio (D:6)
  Duvessa (D:4)
  An orc warrior (D:5)
  An ice beast (D:6)
  A black bear (D:6)
  An ogre (D:5)
  A scorpion (D:4)
  A bullfrog (D:6)
  A wight (D:6)
  Dowan (D:4)
  A howler monkey (D:5)
  4 hounds
  7 orc priests
  A jelly (D:4)
  3 sleepcaps
  Natasha (twice) (D:3)
  An iguana (D:4)
  9 orc wizards
  8 adders
  2 worms (D:2)
  A dart slug (D:3)
  19 orcs
  2 ball pythons
  2 bats (D:3)
  7 endoplasms
  4 giant cockroaches
  7 hobgoblins
  2 jackals (D:3)
  4 kobolds
  4 quokkas
  2 frilled lizards
  7 goblins
  5 rats
115 creatures vanquished.

Notes
Turn   | Place    | Note
-------+----------+-------------------------------------------
     0 | D:1      | croobank the Minotaur Fighter began the quest for the Orb.
     0 | D:1      | Reached XP level 1. HP: 19/19 MP: 0/0
   204 | D:1      | Found a faded altar of an unknown god.
   523 | D:1      | Reached XP level 2. HP: 27/27 MP: 1/1
   738 | D:2      | Reached XP level 3. HP: 21/33 MP: 2/2
  1559 | D:3      | Reached XP level 4. HP: 41/41 MP: 3/3
  1780 | D:3      | Noticed Natasha
  1785 | D:3      | Killed Natasha
  1786 | D:3      | Reached XP level 5. HP: 47/47 MP: 4/4
  1787 | D:3      | Identified the +7 dagger of Jotsoil {elec, Drain rC+ Str+2}
  1900 | D:3      | Noticed Natasha
  1907 | D:3      | Killed Natasha
  2160 | D:4      | Reached skill level 5 in Fighting
  2160 | D:4      | Reached skill level 5 in Armour
  2160 | D:4      | Reached skill level 5 in Shields
  2188 | D:4      | Reached XP level 6. HP: 42/56 MP: 5/5
  2488 | D:4      | Noticed Dowan
  2488 | D:4      | Noticed Duvessa
  2508 | D:4      | Killed Duvessa
  2509 | D:4      | Reached skill level 5 in Axes
  2509 | D:4      | Reached XP level 7. HP: 46/62 MP: 6/6
  2519 | D:4      | Killed Dowan
  2831 | D:4      | Noticed Sigmund
  2840 | D:4      | Killed Sigmund
  3258 | D:5      | Entered Level 5 of the Dungeon
  3729 | D:5      | Found a sacrificial altar of Ru.
  3734 | D:5      | Reached XP level 8. HP: 71/71 MP: 7/7
  4406 | D:6      | Noticed Eustachio
  4420 | D:6      | Killed Eustachio
  4484 | D:6      | Found a staircase to the Ecumenical Temple.
  4593 | D:6      | Slain by a wight

Illustrated notes

Levels and vault maps discovered:
D:1:      lemuel_arrival_cross, layout_basic, hellmonk_ecumenical_altar_lost_god
D:2:      layout_basic, minmay_pentomino_x4
D:3:      layout_basic, serial_corexii_hall, chequers_hall_statues_y,
          chequers_hall_statues_wall_a, dk_noncrumbling_3, uniq_natasha
D:4:      layout_rooms, uniq_duvessa, uniq_sigmund
D:5:      layout_loops_ring, nicolae_ru_sacrificial_ziggurat
D:6:      minmay_razor_zed, layout_basic, minmay_temple_entry_offerings,
          minmay_hedge_maze, uniq_pikel, uniq_prince_ribbit1, uniq_eustachio,
          uniq_maggie

Skill      XL: |  1  2  3  4  5  6  7  8 |
---------------+-------------------------+-----
Fighting       | 4 5 6 7 |  7.9
Shields        | 4 5 6 7 |  7.8
Axes           | 3 4 5 7 |  7.3
Armour         | 4 5 6 7 |  7.8

Action                     |  1- 3 |  4- 6 |  7- 9 || total
---------------------------+-------+-------+-------++-------
  Melee: War axe           |    65 |    91 |   166 ||   322
         Headbutt          |     7 |    17 |    31 ||    55
  Throw: Dart              |       |     2 |     1 ||     3
    Use: Potion            |       |       |     1 ||     1
 Armour: Ring mail         |    37 |    79 |   134 ||   250
         Scale mail        |     3 |       |       ||     3
  Dodge: Dodged            |    32 |    48 |    64 ||   144
  Block: Buckler           |     8 |    17 |    42 ||    67

Table legend: (Time is in decaauts)
 A = Elapsed time spent in this place.
 B = Non-inter-level travel time spent in this place.
 C = Inter-level travel time spent in this place.
 D = Time resting spent in this place.
 E = Time spent auto-exploring this place.
 F = Levels seen in this place.
 G = Mean time per level.
                   A        B        C        D        E       F      G
               +--------+--------+--------+--------+--------+-----+--------+
         Total |   4688 |   4545 |    143 |    914 |   2668 |   6 |  781.3 |
       Dungeon |   4688 |   4545 |    143 |    914 |   2668 |   6 |  781.3 |
               +--------+--------+--------+--------+--------+-----+--------+

Top non-repeatable levels by time:
     D:4: 1176 daAuts
     D:5: 1062 daAuts
     D:2: 812 daAuts
     D:1: 705 daAuts
     D:3: 632 daAuts
     D:6: 299 daAuts
